 Dungeon Crawl Stone Soup version 0.31.0-12-g77e489cdc1 (webtiles) character file.

Game seed: 14388780413995024994

65 H0rd4k the Charlatan (level 4, 0/29 HPs)
             Began as an Octopode Artificer on Feb 29, 2024.
             Slain by a kobold brigand
             ... wielding a +0 dagger
              (6 damage)
             ... in a sewer.
             The game lasted 00:01:17 (1643 turns).

H0rd4k the Charlatan (Octopode Artificer)           Turns: 1643, Time: 00:01:17

Health: 0/29       AC:  1    Str: 11    XL:     4   Next: 14%
Magic:  4/4        EV: 13    Int: 15    God:
Gold:   179        SH:  0    Dex: 12    Spells: 3/3 levels left

rFire   . .          .
                       - Unarmed
rCold   . . .        (no shield)
rNeg    . . .        (helmet restricted)
rPois   .            (no amulet)
rElec   .            (no ring)
rCorr   .            (no ring)
SInv    .            (no ring)
Will    .....        (no ring)
Stlth   ++++         (no ring)
HPRegen 0.24/turn    (no ring)
MPRegen 0.09/turn    (no ring)
                     (no ring)

%: no passive effects
@: no status effects
A: almost no armour, amphibious, 8 rings, camouflage 1, gelatinous body 1,
nimble swimmer 1, tentacles
a: no special abilities


You were in a sewer.
You visited 1 branch of the dungeon, and saw 3 of its levels.
You also visited: Sewer.

You collected 179 gold pieces.

Inventory:

Wands
 b - a wand of flame (15) (quivered)
 c - a wand of charming (15)
 d - a wand of iceblast (5)
Scrolls
 a - a scroll of summoning {unknown}
 e - 2 scrolls of identify {unknown}
 f - 4 scrolls of enchant weapon {unknown}
 g - a scroll of fear {unknown}
 i - 2 scrolls of teleportation {unknown}
 k - a scroll of enchant armour {unknown}
Potions
 h - a potion of degeneration {unknown}
 j - a potion of invisibility {unknown}


   Skills:
 + Level 2.0 Fighting
 - Level 2.3 Dodging
 - Level 1.3 Stealth
 + Level 3.1 Unarmed Combat
 - Level 3.2 Evocations


You had 3 spell levels left.
You didn't know any spells.
Your spell library contained the following spells:

 Spells                   Type           Power      Damage    Failure   Level
 Freeze                   Ice            0%         1d3       26%         1
 Frozen Ramparts          Ice            0%         1d1       63%         3
 Hailstorm                Conj/Ice       0%         3d5       63%         3


Dungeon Overview and Level Annotations

Branches:
Dungeon (3/15)              Sewer (1/1)

Altars:


Innate Abilities, Weirdness & Mutations

You cannot wear most types of armour.
You are amphibious.
You can wear up to eight rings at the same time.
Your skin changes colour to match your surroundings (Stealth+).
Your rubbery body absorbs attacks. (AC +1, EV +1)
You are camouflaged when in or above water. (Stealth+)
You have tentacles for arms and can constrict up to eight enemies at once.


Message History

You closely miss the kobold. You grab the kobold. You squeeze the kobold.
The kobold is heavily wounded.
You constrict the kobold.
You kill the kobold!
The jackal bites you.
You barely miss the jackal. You grab the jackal.
You squeeze the jackal, but do no damage.
You constrict the jackal, but do no damage.
The jackal bites you but does no damage.
You tentacle-slap the jackal.
You kill the jackal!
You tentacle-slap the kobold but do no damage.
Your grab misses the kobold. The kobold closely misses you.
You tentacle-slap the kobold but do no damage.
Your grab misses the kobold.
You squeeze the kobold, but do no damage.
You tentacle-slap the kobold brigand. You grab the kobold brigand.
The kobold brigand is lightly wounded.
You constrict the kobold brigand.
The kobold brigand hits you with a +0 dagger.
The kobold hits you with a +0 short sword.
You tentacle-slap the kobold brigand.
The kobold brigand is lightly wounded.
You constrict the kobold brigand.
The kobold hits you with a +0 short sword.
The kobold brigand barely misses you.
You tentacle-slap the kobold brigand. Your squeeze misses the kobold brigand.
The kobold brigand is moderately wounded.
You constrict the kobold brigand.
The kobold hits you with a +0 short sword.
The kobold brigand hits you with a +0 dagger.
* * * LOW HITPOINT WARNING * * *
You are too injured to fight recklessly!
You are too injured to fight recklessly!
You barely miss the kobold brigand. You squeeze the kobold brigand.
The kobold brigand is heavily wounded.
You constrict the kobold brigand, but do no damage.
The kobold misses you.
The kobold brigand hits you with a +0 dagger.
You die...

#~# #~# #~# #~# #~#
#########~##
#..~~~~..~.#######
#~~~~~~~.~~~.....#
#@~≈≈≈~~~~~~~≈~~~~
#.....KK~≈≈≈≈≈≈≈≈≈≈≈≈≈≈≈
##....#~~≈≈≈~~~~~~~~~~~~
#.....#.~~~~~.~........#
.###. #..~.~..~~.###.###
## ############ #∩# ###


You could see a kobold brigand and a kobold.

Vanquished Creatures
  An adder (D:3)
  A ribbon worm (D:2)
  A dart slug (D:1)
  4 bats
  2 endoplasms
  2 giant cockroaches
  4 goblins
  6 hobgoblins
  2 jackals (Sewer)
  A quokka (D:2)
  5 ball pythons
  5 frilled lizards
  8 kobolds
  10 rats
52 creatures vanquished.

Notes
Turn   | Place    | Note
-------+----------+-------------------------------------------
     0 | D:1      | H0rd4k the Octopode Artificer began the quest for the Orb.
     0 | D:1      | Reached XP level 1. HP: 13/13 MP: 1/1
   111 | D:1      | Reached skill level 1 in Unarmed Combat
   134 | D:1      | Reached XP level 2. HP: 15/18 MP: 2/2
   550 | D:2      | Reached XP level 3. HP: 24/24 MP: 3/3
  1497 | D:3      | Found a glowing drain.
  1501 | Sewer    | Entered a sewer
  1505 | Sewer    | Reached XP level 4. HP: 16/29 MP: 4/4
  1630 | Sewer    | Noticed a kobold brigand
  1643 | Sewer    | Slain by a kobold brigand

Illustrated notes

Levels and vault maps discovered:
D:1:      lemuel_arrival_cross, layout_basic, chequers_serial_rivers_large_a,
          serial_bayou_ford_a
D:2:      layout_basic
D:3:      layout_basic, grunt_temple_overflow_order_and_chaos_2, serial_shops,
          nicolae_book_shop_shelving, mainiacjoe_sewer_entry_somewhere_in_here_2
Sewer:    sewer_kobolds

Skill      XL: |  1  2  3  4 |
---------------+-------------+-----
Unarmed Combat | 1 2 3 |  3.1
Fighting       | 2 |  2.0
Dodging        | |  2.3
Stealth        | |  1.3
Evocations     | |  3.2

Action                     |  1- 3 |  4- 6 || total
---------------------------+-------+-------++-------
  Melee: Unarmed           |   102 |    22 ||   124
         Constrict         |    27 |     5 ||    32
         Tentacles         |    18 |     5 ||    23
         Punch             |     2 |       ||     2
   Stab: Sleeping          |    15 |       ||    15
 Armour: Skin              |    37 |    15 ||    52
  Dodge: Dodged            |    57 |    12 ||    69
